 Dungeon Crawl Stone Soup version 0.24.0-13-gcf9b3192b9 (webtiles) character file.

Game seed: 9041518073786865364, levelgen mode: deterministic

60270 Peloso the Fencer (level 14, -6/127 (129) HPs)
             Began as a Minotaur Fighter on Nov 8, 2019.
             Was the Champion of Okawaru.
             Succumbed to a death drake's foul vapour
             ... in a Gauntlet.
             The game lasted 00:43:44 (18673 turns).

Peloso the Fencer (Minotaur Fighter)               Turns: 18673, Time: 00:43:45

HP:   -6/127 (129)  AC: 22    Str: 27    XL:     14   Next: 56%
MP:   14/14         EV:  9    Int:  5    God:    Okawaru [******]
Gold: 1200          SH: 17    Dex: 11    Spells: 13/13 levels left

rFire    . . .     SeeInvis +   a - +4 scimitar (flame)
rCold    + . .     Gourm    .   c - +2 shield {reflect}
rNeg     . . .     Faith    +   H - +0 plate armour
rPois    .         Spirit   .   R - +0 hat {SInv}
rElec    .         Reflect  +   v - +2 cloak
rCorr    .         Harm     .   A - +0 pair of gloves
MR       ++...     NoTele   +   G - +0 pair of boots
Stlth    ..........             T - amulet of the Forsaken Runes {Faith Str+2}
HPRegen  0.31/turn              L - ring of protection from magic
MPRegen  0.14/turn              n - ring of protection from cold

@: lethally poisoned (-6 -> -75), very slightly contaminated, starving, slowed,
lightly drained, very slow
A: retaliatory headbutt, horns 2
a: Heroism, Finesse, Renounce Religion


You were in a Gauntlet.
You worshipped Okawaru.
Okawaru was exalted by your worship.
You were starving.

You visited 4 branches of the dungeon, and saw 22 of its levels.
You also visited: Gauntlet.

You collected 1252 gold pieces.
You spent 52 gold pieces at shops.

Inventory:

Hand Weapons
 a - a +4 scimitar of flaming (weapon)
 b - a +0 demon blade of venom
Armour
 c - a +2 shield of reflection (worn)
 u - a +2 hat
 v - a +2 cloak (worn)
 A - a +0 pair of gloves (worn)
 G - a +0 pair of boots (worn)
 H - a +0 plate armour (worn)
 R - a +0 hat of see invisible (worn)
Jewellery
 m - an uncursed ring of protection from fire
 n - a ring of protection from cold (right hand)
 p - a cursed amulet of inaccuracy {unknown}
 C - an uncursed amulet of the acrobat {unknown}
 L - a ring of protection from magic (left hand)
 S - a +4 ring of strength
 T - the amulet of the Forsaken Runes (around neck) {Faith Str+2}
   (You found it in a Gauntlet)

   [amulet of faith]

   It allows you to gain divine favour quickly.
   It affects your strength (+2).
Wands
 k - a wand of disintegration (22)
 z - a wand of iceblast (4)
 O - a wand of polymorph (7)
 P - a wand of paralysis (4)
Scrolls
 e - a scroll of noise
 h - 12 scrolls of remove curse
 i - 6 scrolls of amnesia
 j - 7 scrolls of identify
 l - a scroll of random uselessness
 r - 3 scrolls of enchant weapon
 t - 5 scrolls of fear
 x - a scroll of summoning {unknown}
 B - 3 scrolls of teleportation
 E - a scroll of magic mapping
 F - a scroll of enchant armour
 K - a scroll of acquirement {unknown}
Potions
 d - 2 potions of might
 g - 5 potions of flight
 s - 4 potions of haste
 w - 2 potions of cancellation
 J - a potion of berserk rage
 M - 4 potions of mutation {unknown}
 N - a potion of brilliance {unknown}
 Q - a potion of agility {unknown}
Miscellaneous
 o - a crystal ball of energy
 q - a lamp of fire
Comestibles
 f - 40 rations


   Skills:
 + Level 13.6(13.3) Fighting
 + Level 16.4(16.0) Long Blades
 + Level 13.2(12.9) Armour
 + Level 4.5(4.2) Dodging
 + Level 1.9(1.7) Stealth
 + Level 16.1(15.8) Shields
 + Level 2.4(2.1) Invocations


You had 13 spell levels left.
You didn't know any spells.
Your spell library contained the following spells:

 Spells                   Type           Power        Failure   Level  Hunger
 Flame Tongue             Conj/Fire      #....        98%         1    ##.....
 Magic Dart               Conj           #...         98%         1    ##.....
 Searing Ray              Conj           #.....       99%         2    ###....
 Throw Flame              Conj/Fire      #.....       99%         2    ###....
 Conjure Flame            Conj/Fire      #.......     100%        3    ####...
 Dazzling Spray           Conj/Hex       #.....       100%        3    ####...
 Inner Flame              Hex/Fire       #.......     100%        3    ####...
 Cause Fear               Hex            #.........   100%        4    #####..
 Force Lance              Conj/Tloc      #.......     100%        4    #####..
 Fulminant Prism          Conj/Hex       #.........   100%        4    #####..
 Iskenderun's Mystic Bla  Conj           #.......     100%        4    #####..
 Sticky Flame             Conj/Fire      #.......     100%        4    #####..
 Fireball                 Conj/Fire      #.........   100%        5    ######.
 Silence                  Hex/Air        #.........   100%        5    ######.
 Yara's Violent Unravell  Hex/Tmut       #.........   100%        5    ######.
 Deflect Missiles         Chrm/Air       #.........   100%        6    #######
 Discord                  Hex            #.........   100%        8    #######


Dungeon Overview and Level Annotations

Branches:
Dungeon (15/15)            Temple (1/1) D:7            Lair (4/6) D:10
  Swamp (0/4) Lair:4        Snake (0/4) Lair:3          Orc (2/2) D:12
    Elf (0/3) Orc:2        Vaults (0/5) D:14         Depths (0/5) D:15
Gauntlet (1/1)

Altars:
Ashenzari
Cheibriados
Dithmenos
Elyvilon
Fedhas
Gozag
Kikubaaqudgha
Makhleb
Nemelex Xobeh
Okawaru
Qazlal
Ru
Trog
Uskayaw
Vehumet
Wu Jian
Xom
Yredelemnul
The Shining One

Shops:
D:5 *

Annotations:
Lair:3 exclusion: 4 oklob plants Gauntlet 7 transporters


Innate Abilities, Weirdness & Mutations

You reflexively headbutt those who attack you in melee.
You have a pair of horns on your head.


Message History

You block the death drake's attack.
You block the spectral centaur warrior's attack.
You feel much better.
You are engulfed in dark miasma.
You are more poisoned.
You feel your flesh rotting away!
* * * LOW HITPOINT WARNING * * *
x2 You feel extremely sick.
The death drake breathes miasma at you. The foul vapour engulfs you!
You are more poisoned.
You feel your flesh rotting away!
* * * LOW HITPOINT WARNING * * *
The spectral centaur warrior hits you but does no damage.
The death drake closely misses you.
You riposte.
You slash the death drake! You burn the death drake.
The death drake is severely wounded.
The spectral centaur warrior hits you but does no damage.
Blink to where?
Press: ? - help, Dir - move target cursor You are very lightly contaminated with residual magic.
As you read the scroll of blinking, it crumbles to dust.
You die...

#≈..#..○..#...#..#.......
##..#..##°Z#..#..#.##.##.
#≈..#..#°Z##..#..#.#..#..
##..#[.##°°#..####.#.##.#
#≈..#©.#°k##..#©©#§..#©.# #.
##..#%.##°°#..####..##.## ...
#§..#$.#..##..#..#.....#.
#..###..#..##..#..#..#.##.##.
#....#..#...@.#...#..#.......
#...©#..###########..########
.....#.......................
#....#.∩.....................
#...©#..#########..#########.
#....#..#..Z..Z.#..#(.#.##g#.
...###..#$Z####.#..##.##..##.
#.. #§..#.#...#k######.^#.###
#. ##..#©#.©.#.#©©#©.#©##.#©


You could see 2 death drakes, 3 spectral centaur warriors, a wyvern zombie
(wandering) and a centaur warrior zombie.

Vanquished Creatures
  Gastronok (D:11)
  Roxanne (D:15)
  An ettin (D:15)
  Fannar (Orc:1)
  Erolcha (D:13)
  Harold (Orc:1)
  4 vault guards
  4 hydras
  Erica (Lair:1)
  3 centaur warriors (D:14)
  11 two-headed ogres
  4 death yaks (Lair:2)
  3 ogre magi (D:15)
  An unseen horror (D:10)
  A wizard (Gauntlet)
  Pikel (D:5)
  An oklob plant (Gauntlet)
  An orc knight (Orc:2)
  A manticore (D:14)
  3 cyclopes
  5 ugly things (D:15)
  2 spiny frogs
  A yaktaur (shapeshifter) (D:15)
  A yaktaur (D:15)
  2 kobold demonologists
  2 komodo dragons
  2 efreet
  2 tengu conjurers (D:15)
  6 trolls
  A queen bee (shapeshifter) (D:14)
  2 polar bears
  A hornet (D:11)
  3 bog bodies (Lair:4)
  4 slime creatures (D:12)
  5 blink frogs (Lair:2)
  10 hippogriffs
  2 vampires (D:14)
  A spriggan (D:7)
  6 basilisks
  3 wraiths
  19 yaks
  2 wyverns
  2 hungry ghosts
  2 steam dragons
  2 wargs (Orc:2)
  4 vampire mosquitoes (D:13)
  2 swamp worms (Lair:4)
  2 nagas (Lair:3)
  3 acid dragons
  2 water moccasins
  A soldier ant (D:11)
  2 porcupines
  9 orc warriors
  2 black bears
  3 ice beasts
  5 sky beasts
  8 phantoms
  4 eyes of draining
  11 ogres
  8 centaurs
  3 crocodiles
  4 big kobolds
  16 bullfrogs
  A big kobold (shapeshifter) (D:14)
  A wyvern zombie (D:12)
  A water moccasin zombie (D:5)
  A wyvern skeleton (D:10)
  3 water moccasin skeletons
  7 scorpions
  10 killer bees
  8 wights
  3 electric eels
  3 howler monkeys
  7 crimson imps
  5 centaur zombies
  4 hounds
  2 bullfrog zombies
  6 orc priests
  2 bullfrog skeletons (D:12)
  7 jellies
  13 orc wizards
  A gnoll shaman (D:7)
  7 centaur skeletons
  Jessica (D:2)
  5 iguanas
  Terence (D:2)
  2 hell rats (Lair:1)
  9 worker ants
  A bullfrog simulacrum (D:10)
  A hound skeleton (D:4)
  4 worker ant zombies
  5 gnolls
  2 howler monkey skeletons
  11 adders
  8 river rats (Lair:1)
  6 shadow imps
  An ooze (D:4)
  A worm (D:3)
  3 dart slugs
  4 leopard geckos
  39 orcs
  6 giant cockroaches
  6 goblins
  7 hobgoblins
  19 jackals
  5 quokkas
  A ball python (D:5)
  6 bats
  5 frilled lizards
  A jackal zombie (D:6)
  23 kobolds
  A leopard gecko skeleton (D:4)
  A quokka skeleton (D:6)
  2 quokka zombies
  8 rats
  A plant (Gauntlet)
510 creatures vanquished.

Vanquished Creatures (others)
  A cyclops (D:12)
  A yaktaur (D:15)
  3 centaurs
  2 orc priests (D:6)
  An orc wizard (D:6)
  A worm (D:6)
  A leopard gecko (D:6)
  2 orcs
  A quokka skeleton (D:6)
  2 fungi
  5 plants
20 creatures vanquished.

Grand Total: 530 creatures vanquished

Notes
Turn   | Place    | Note
-------+----------+-------------------------------------------
     0 | D:1      | Peloso the Minotaur Fighter began the quest for the Orb.
     0 | D:1      | Reached XP level 1. HP: 19/19 MP: 0/0
   156 | D:1      | Reached XP level 2. HP: 27/27 MP: 1/1
   912 | D:2      | Reached XP level 3. HP: 32/33 MP: 2/2
   984 | D:2      | Noticed Jessica
   989 | D:2      | Killed Jessica
   989 | D:2      | Reached XP level 4. HP: 25/41 MP: 3/3
  1398 | D:2      | Noticed Terence
  1404 | D:2      | Reached skill level 1 in Dodging
  1410 | D:2      | Killed Terence
  1410 | D:2      | Reached XP level 5. HP: 37/47 MP: 4/4
  1598 | D:2      | Found a sparkling altar of Nemelex Xobeh.
  1908 | D:3      | Found a snail-covered altar of Cheibriados.
  2047 | D:3      | Found a stormy altar of Qazlal.
  2112 | D:3      | Found a shadowy altar of Dithmenos.
  2116 | D:3      | Found a shimmering altar of Xom.
  2124 | D:3      | Found an opulent altar of Gozag.
  2124 | D:3      | Found a hide-covered altar of Uskayaw.
  2599 | D:3      | Found a sacrificial altar of Ru.
  2996 | D:3      | Reached skill level 5 in Long Blades
  2996 | D:3      | Reached XP level 6. HP: 49/53 MP: 5/5
  3119 | D:4      | Found a shattered altar of Ashenzari.
  3312 | D:4      | Reached skill level 5 in Shields
  3407 | D:4      | Reached skill level 5 in Armour
  3459 | D:5      | Entered Level 5 of the Dungeon
  3468 | D:5      | Reached skill level 5 in Fighting
  3468 | D:5      | Reached XP level 7. HP: 59/61 MP: 6/6
  3657 | D:5      | Found Ustraeh's General Store.
  3689 | D:5      | Bought a potion of might for 52 gold pieces
  3846 | D:5      | Found a bloodstained altar of Trog.
  3965 | D:5      | Found a shadowy altar of Dithmenos.
  4003 | D:5      | Reached XP level 8. HP: 70/70 MP: 7/7
  4035 | D:5      | Found a glowing golden altar of the Shining One.
  4106 | D:6      | Noticed Pikel
  4121 | D:5      | Killed Pikel
  4121 | D:5      | Reached skill level 1 in Stealth
  4385 | D:6      | Reached XP level 9. HP: 59/78 MP: 6/8
  4982 | D:7      | Found a staircase to the Ecumenical Temple.
  4995 | Temple   | Entered the Ecumenical Temple
  5005 | Temple   | Became a worshipper of Warmaster Okawaru
  5051 | D:7      | Reached skill level 10 in Long Blades
  5218 | D:7      | Found an ancient bone altar of Kikubaaqudgha.
  5268 | D:7      | Found an ornate altar of the Wu Jian Council.
  5294 | D:7      | Reached * piety under Okawaru
  5670 | D:7      | Noticed a two-headed ogre
  5682 | D:7      | Killed a two-headed ogre
  5682 | D:7      | Reached XP level 10. HP: 47/86 MP: 4/9
  7135 | D:9      | Reached ** piety under Okawaru
  7139 | D:9      | Reached skill level 10 in Shields
  7146 | D:9      | Noticed a two-headed ogre
  7156 | D:9      | Killed a two-headed ogre
  7190 | D:9      | Found a sparkling altar of Nemelex Xobeh.
  7283 | D:9      | Noticed a two-headed ogre
  7296 | D:9      | Killed a two-headed ogre
  7436 | D:9      | Reached *** piety under Okawaru
  7675 | D:10     | Entered Level 10 of the Dungeon
  7744 | D:10     | Killed an unseen horror
  7907 | D:10     | Reached XP level 11. HP: 95/95 MP: 10/10
  8585 | D:10     | Found a staircase to the Lair.
  8656 | D:11     | Reached **** piety under Okawaru
  9288 | D:11     | Noticed Gastronok
  9306 | D:11     | Killed Gastronok
  9306 | D:11     | Reached ***** piety under Okawaru
  9352 | D:11     | Reached skill level 10 in Armour
 10236 | Lair:1   | Entered Level 1 of the Lair of Beasts
 10334 | Lair:1   | Noticed Erica
 10363 | Lair:1   | Killed Erica
 10597 | Lair:1   | Noticed an eight-headed hydra
 10608 | Lair:1   | Killed a four-headed hydra
 10608 | Lair:1   | Reached skill level 10 in Fighting
 10608 | Lair:1   | Reached skill level 1 in Invocations
 10992 | Lair:2   | Reached XP level 12. HP: 98/106 MP: 11/11
 11132 | Lair:2   | Noticed a death yak
 11141 | Lair:2   | Noticed a death yak
 11144 | Lair:2   | Noticed a death yak
 11145 | Lair:2   | Noticed a death yak
 11153 | Lair:2   | Killed a death yak
 11161 | Lair:2   | Killed a death yak
 11170 | Lair:2   | Killed a death yak
 11182 | Lair:2   | Killed a death yak
 11867 | Lair:2   | Received a gift from Okawaru
 12443 | Lair:3   | Found a staircase to the Snake Pit.
 13489 | Lair:4   | Noticed a four-headed hydra
 13496 | Lair:4   | Killed a one-headed hydra
 13589 | Lair:4   | Found a staircase to the Swamp.
 14108 | D:12     | Reached XP level 13. HP: 113/116 MP: 13/13
 14227 | D:12     | Reached skill level 15 in Long Blades
 14277 | D:12     | Found a staircase to the Orcish Mines.
 14732 | D:13     | Noticed Erolcha
 14744 | D:13     | Paralysed by Erolcha for 5 turns
 14752 | D:13     | Killed Erolcha
 14806 | D:13     | Received a gift from Okawaru
 15746 | D:14     | Found a gate to the Vaults.
 15811 | D:13     | Received a gift from Okawaru
 15811 | D:13     | Reached skill level 15 in Shields
 16115 | D:14     | Reached ****** piety under Okawaru
 16525 | D:15     | Entered Level 15 of the Dungeon
 16565 | D:15     | Received a gift from Okawaru
 16620 | D:15     | Reached XP level 14. HP: 127/127 MP: 14/14
 16706 | D:15     | Identified Roxanne's Reference Book on Stones
 16706 | D:15     | Noticed Roxanne
 17217 | D:15     | Found a staircase to the Depths.
 17482 | D:15     | Killed Roxanne
 17560 | Orc:1    | Entered Level 1 of the Orcish Mines
 17571 | Orc:1    | Noticed Fannar
 17573 | Orc:1    | Noticed Harold
 17586 | Orc:1    | Killed Fannar
 17607 | Orc:1    | Killed Harold
 18211 | Orc:1    | You fall into a shaft and drop 1 floor!
 18211 | Orc:2    | Entered Level 2 of the Orcish Mines
 18222 | Orc:2    | Found a gate leading to a gauntlet.
 18265 | Gauntlet | Entered a Gauntlet
 18265 | Gauntlet | Found a transporter.
 18265 | Gauntlet | Found a transporter.
 18265 | Gauntlet | Found a transporter.
 18287 | Gauntlet | Found a transporter.
 18307 | Gauntlet | Found a transporter.
 18310 | Gauntlet | Found a transporter.
 18326 | Gauntlet | Found a transporter.
 18343 | Gauntlet | Found a transporter.
 18358 | Gauntlet | Found a transporter.
 18361 | Gauntlet | Found a transporter.
 18372 | Gauntlet | Found a transporter.
 18372 | Gauntlet | Found a transporter.
 18641 | Gauntlet | Got a pitted brass amulet
 18646 | Gauntlet | Identified the amulet of the Forsaken Runes {Faith Str+2}
                  | (You found it in a Gauntlet)
 18672 | Gauntlet | HP: 1/127 [death drake/foul vapour (14)]
 18673 | Gauntlet | Succumbed to a death drake's foul vapour

Levels and vault maps discovered:
D:1:      dpeg_arrival_chase, layout_loops_ring, kennysheep_flooded_box
D:2:      layout_rooms, nemelex_xobeh_ov_fountains_minmay, uniq_terence,
          uniq_jessica
D:3:      layout_loops_corners, nicolae_ru_path_of_blood, grunt_qazlal_clouds,
          grunt_temple_overflow_open, grunt_ministairs_3, kennysheep_slug_shrine
D:4:      layout_cave_pools, ashenzari_altar_1, serial_column_ruins,
          column_ruins_square_large, column_ruins_open_tiny,
          column_ruins_grid_3, column_ruins_open_tiny,
          column_ruins_corridor_straight, hangedman_decor_points
D:5:      layout_cave_pools, tso_oasis_becter, old_standard_altar, first_ration,
          serial_shops, shop, grunt_dithmenos_shadows
D:6:      layout_basic, kennysheep_pointless_box, uniq_pikel
D:7:      layout_basic, kennysheep_mini_moat, old_standard_altar,
          minmay_temple_entry_statues_pillars, the_bakery, minmay_small_thing
D:8:      layout_loops_corners, due_unseen_surprise
D:9:      layout_rooms, overflow_temple_1_default
D:10:     layout_stronghold, lair_entry_dummy, hangedman_weighted_door
D:11:     layout_layer_cave, uniq_gastronok
D:12:     layout_basic, david_orc_2
D:13:     layout_rooms, feat_on_display, uniq_erolcha
D:14:     layout_roguey, lightli_vaults_fourway_checkpoint,
          roderic_serpentine_path
D:15:     hangedman_depths_entry_civil_slaughter, layout_loops_ring,
          uniq_roxanne
Temple:   chequers_temple_sunken
Lair:1:   layout_gridlike, serial_rivers, chequers_serial_rivers_micro_e,
          chequers_serial_rivers_small_b, chequers_serial_rivers_small_a,
          chequers_serial_rivers_small_a, kennysheep_rathole, lemuel_fruit_tree,
          uniq_erica
Lair:2:   layout_cave_pods
Lair:3:   layout_hall_layers, guppyfry_snake_entry_garden, grunt_megastairs_4,
          serial_bayou_shore_a, serial_bayou_shore_b, minmay_lair_oklob_chamber
Lair:4:   layout_loops_ring, nicolae_swamp_entry_splash_gauntlet,
          serial_bayou_shore_b, serial_bayou_shore_b
Orc:1:    layout_diamond_mine, bh_open_orc_temple, uniq_fannar, uniq_harold
Orc:2:    st_orc_town, layout_diamond_mine, gauntlet_entry_generic
Gauntlet: minmay_gauntlet_mixed_big_or_small [gammafunk_gauntlet_arena_hedges,
          minmay_gauntlet_arena_77_squiggly, nicolae_gauntlet_arena_grate_2,
          minmay_gauntlet_arena_77_tiled_triplets,
          gammafunk_gauntlet_arena_teeth, minmay_gauntlet_arena_77_box,
          gauntlet_exit_hidden_loot]

Skill      XL: |  1  2  3  4  5  6  7  8  9 10 11 12 13 14 |
---------------+-------------------------------------------+-----
Fighting       | 4 5 6 7 8 10 11 12 13 | 13.6
Shields        | 4 5 6 8 9 10 12 13 15 16 | 16.1
Long Blades    | 3 5 6 7 9 10 12 13 14 15 16 | 16.4
Armour         | 4 5 6 8 9 10 11 12 13 | 13.2
Dodging        | 1 2 3 4 |  4.5
Stealth        | 1 |  1.9
Invocations    | 1 2 |  2.4

Action                   |  1- 3 |  4- 6 |  7- 9 | 10-12 | 13-15 || total
-------------------------+-------+-------+-------+-------+-------++-------
Melee: Long sword        |    77 |   170 |   359 |   491 |       ||  1097
       Headbutt          |     7 |    39 |    92 |   180 |   146 ||   464
       Scimitar          |       |       |       |   315 |   597 ||   912
Invok: Heroism           |       |       |     1 |    14 |     4 ||    19
       Finesse           |       |       |       |       |     2 ||     2
  Use: Potion            |     3 |     1 |       |     1 |     3 ||     8
       Scroll            |       |     5 |       |    13 |     3 ||    21
  Eat: Chunk             |       |     9 |     6 |    19 |    14 ||    48
       Ration            |       |       |       |     3 |       ||     3
Armor: Scale mail        |    33 |    71 |       |       |       ||   104
       Chain mail        |       |    39 |   150 |       |       ||   189
       Plate armour      |       |       |    27 |   340 |   176 ||   543
Dodge: Dodged            |    26 |    72 |    82 |   182 |   100 ||   462
Block: Shield            |    45 |   112 |   201 |   441 |   367 ||  1166
       Reflection        |       |       |       |    12 |    32 ||    44
       Rpst.: Long sword |     4 |    21 |    27 |    40 |       ||    92
       Scimitar          |       |       |       |    14 |    25 ||    39
